 Dungeon Crawl Stone Soup version 0.17.0-28-g6e173f8 (webtiles) character file.

447 R18 the Bolt Thrower (level 7, -2/50 HPs)
             Began as a Formicid Hunter on Nov 30, 2015.
             Killed by nerve-wracking pain
             ... invoked by an orc priest
              (8 damage)
             ... on level 3 of the Dungeon.
             The game lasted 00:06:47 (2167 turns).

R18 the Bolt Thrower (Formicid Hunter)              Turns: 2167, Time: 00:06:47

Health: -2/50      AC:  8    Str: 16      XL:     7   Next: 24%
Magic:  7/7        EV:  4    Int:  8 (11) God:
Gold:   97         SH: 14    Dex: 13      Spells: 0 memorised, 6 levels left

rFire  . . .     SeeInvis +     b - +0 scythe
rCold  + . .     Clarity  .     t - +0 chain mail
rNeg   . . .     SustAt   .     p - +0 large shield
rPois  .         Gourm    .     (helmet unavailable)
rElec  .         Spirit   .     (no cloak)
rCorr  .         Warding  .     (no gloves)
rMut   +         Stasis   +     (no boots)
MR     .....                    r - amulet of resist mutation
Stlth  ..........               (no ring)
                                g - ring of protection from cold

@: not resistant to hostile enchantments, extremely unstealthy
A: permanent stasis, dig shafts and tunnels, four strong arms, antennae 3
a: Dig, Shaft Self


You were on level 3 of the Dungeon.
You were not hungry.

You visited 1 branch of the dungeon, and saw 3 of its levels.

You collected 97 gold pieces.

Inventory:

Hand Weapons
 a - a +2 hand crossbow
 b - a +0 scythe (weapon)
 o - a +0 short sword
 s - a -3 flail
Armour
 c - a +0 leather armour
 p - a +0 large shield (worn)
 t - a +0 chain mail (worn)
Jewellery
 g - a ring of protection from cold (left hand)
 r - an amulet of resist mutation (around neck)
Scrolls
 f - 2 scrolls of blinking
 h - a scroll of identify
 l - 3 scrolls of teleportation
 m - 2 scrolls of remove curse
Potions
 q - a potion of cure mutation
 v - 2 potions of degeneration
Comestibles
 e - 2 bread rations
 i - 4 fruits
 n - 2 beef jerkies
 u - a meat ration


   Skills:
 - Level 2.1 Fighting
 + Level 0.2 Polearms
 * Level 6.5 Crossbows
 - Level 1.5 Armour
 - Level 1.7 Dodging
 - Level 1.2 Stealth
 * Level 5.1 Shields


You had 6 spell levels left.
You didn't know any spells.

Dungeon Overview and Level Annotations

Branches:
Dungeon (3/15)

Altars:
Trog


Innate Abilities, Weirdness & Mutations

You are under a permanent stasis effect.
You can dig through walls and to a lower floor.
Your four strong arms can wield two-handed weapons with a shield.
You have a pair of large antennae on your head (SInv).


Message History

Aim: an orc priest, wielding a club (heavily wounded)
Your chain mail prevents you from hitting the orc priest.
The orc priest is heavily wounded.
The orc priest hits you with a war axe.
* * * LOW HITPOINT WARNING * * *
You block the orc's attack.
The orc priest mumbles some strange prayers to Beogh against you.
Something smites you!
* * * LOW HITPOINT WARNING * * *
You block the orc priest's attack. You block the orc's attack.
The orc priest hits you but does no damage.
Attack whom?
Press: ? - help, Dir - move target cursor, f/p - orc priest
Aim: an orc priest, wielding a club (heavily wounded)
You hit the orc priest.
The orc priest is almost dead.
The orc hits you but does no damage.
The orc priest invokes the aid of Beogh against you.
Pain shoots through your body!
You die...

.#####.###########.
..#...............
#.#.#.###########.
#.#.#.# #. #
#.#.#.###########. #.
#.#.#.##.....)))..
#.##.##.#.#.##.#########
.......oo.#.. ... #
.......@#.#.## #####.##
.......o#[#..# .........
.......##o#..#..####....
....... #.......# #....
#'#.##. #o......# #....
# #. #. #.......####...[
# ## #...............
.(......###....#
{................#


You could see 2 orc priests and an orc.

Vanquished Creatures
  Sigmund (D:2)
  An orc wizard (D:3)
  Ijyb (D:2)
  An orc priest (D:3)
  Jessica (D:2)
  Terence (D:2)
  4 adders
  2 oozes (D:1)
  3 worms (D:2)
  A giant gecko (D:2)
  11 orcs (D:3)
  3 ball pythons (D:2)
  A giant cockroach (D:2)
  10 hobgoblins
  7 jackals
  A quokka (D:3)
  11 bats
  7 giant newts
  13 goblins
  9 kobolds
  5 rats
94 creatures vanquished.

Notes
Turn   | Place    | Note
--------------------------------------------------------------
     0 | D:1      | R18 the Formicid Hunter began the quest for the Orb.
     0 | D:1      | Reached XP level 1. HP: 16/16 MP: 1/1
   128 | D:1      | Reached XP level 2. HP: 12/22 MP: 2/2
   192 | D:1      | Reached skill level 1 in Armour
   204 | D:1      | Reached XP level 3. HP: 8/27 MP: 3/3
   539 | D:1      | You fall through a shaft!
   655 | D:2      | Reached XP level 4. HP: 33/33 MP: 4/4
   656 | D:2      | Reached skill level 1 in Shields
   706 | D:2      | Noticed Terence
   706 | D:2      | Reached skill level 5 in Crossbows
   708 | D:2      | Killed Terence
   814 | D:2      | Reached XP level 5. HP: 14/38 MP: 5/5
   869 | D:2      | Noticed Sigmund
   879 | D:2      | Killed Sigmund
   879 | D:2      | Reached skill level 6 in Crossbows
   879 | D:2      | Reached XP level 6. HP: 27/44 MP: 6/6
   949 | D:2      | Noticed Ijyb
   954 | D:2      | Killed Ijyb
  1055 | D:2      | Found a bloodstained altar of Trog.
  1475 | D:3      | Noticed Jessica
  1480 | D:2      | Killed Jessica
  1652 | D:3      | Reached XP level 7. HP: 44/50 MP: 7/7
  1902 | D:3      | Reached skill level 5 in Shields
  2167 | D:3      | Killed from afar by an orc priest

Action                   |  1- 3 |  4- 6 |  7- 9 || total
-------------------------+-------+-------+-------++-------
Melee: Short sword       |    52 |    16 |       ||    68
       Scythe            |       |    74 |   122 ||   196
 Fire: Hand crossbow     |    38 |    43 |    15 ||    96
Throw: Javelin           |       |       |     4 ||     4
 Abil: Dig               |       |       |     1 ||     1
  Use: Scroll            |       |     9 |       ||     9
       Potion            |       |     2 |     4 ||     6
 Stab: Sleeping          |     1 |       |       ||     1
  Eat: Chunk             |       |     3 |     2 ||     5
